 Dungeon Crawl Stone Soup version 0.26.1-11-gd32895ea62 (webtiles) character file.

Game seed: 10134091632423261803

34906 nothank2 the Carver (level 13, -3/104 HPs)
             Began as a Demonspawn Abyssal Knight on July 12, 2021.
             Was the Champion of Lugonu.
             Killed by an exploding a human (26 damage)
             ... exploding inner flame
             ... on level 13 of the Dungeon.
             The game lasted 01:04:55 (24133 turns).

nothank2 the Carver (Demonspawn Abyssal Knight)    Turns: 24133, Time: 01:04:57

Health: -3/104     AC: 29    Str: 18    XL:     13   Next: 44%
Magic:  0/19       EV:  9    Int: 14    God:    Lugonu [******]
Gold:   1754       SH: 13    Dex: 20    Spells: 12/12 levels left

rFire    . . .     SeeInvis +   N - +3 scimitar (flame)
rCold    . . .     Faith    +   h - +1 kite shield
rNeg     . . .     Spirit   +   I - +4 ring mail of Filigreed Mirth {Str+2}
rPois    .         Reflect  .   G - +0 helmet
rElec    .         Harm     .   A - scarf {repulsion}
rCorr    .         Rampage  +   e - +0 pair of gloves
Will     .....                  Q - +2 pair of boots {rampage}
Stlth    +.........             P - amulet of faith
HPRegen  0.27/turn              M - ring of see invisible
MPRegen  0.16/turn              T - +6 ring of dexterity

@: sanguine armour, repel missiles
A: hooves 2, spiny 2, magic shield, sanguine armour 3
a: Renounce Religion, Depart the Abyss, Bend Space, Banish, Corrupt, Enter the
Abyss, Brand Weapon With Distortion


You were on level 13 of the Dungeon.
You worshipped Lugonu.
Lugonu was exalted by your worship.
You visited 2 branches of the dungeon, and saw 18 of its levels.
You visited the Abyss 1 time.

You collected 1754 gold pieces.

Inventory:

Hand Weapons
 N - a +3 scimitar of flaming (weapon)
Missiles
 j - 20 poisoned darts (quivered)
Armour
 e - a +0 pair of gloves (worn)
 h - a +1 kite shield (worn)
 n - a +2 leather armour of cold resistance
 o - a +0 plate armour
 A - a scarf of repulsion (worn)
 G - a +0 helmet (worn)
 I - the +4 ring mail of Filigreed Mirth (worn) {Str+2}
   (You found it on level 8 of the Dungeon)

   It affects your strength (+2).
 Q - a +2 pair of boots of rampaging (worn)
Jewellery
 l - an uncursed ring of resist corrosion
 s - an uncursed ring of stealth
 J - an uncursed ring of willpower
 M - a ring of see invisible (left hand)
 P - an amulet of faith (around neck)
 S - an uncursed ring of flight
 T - a +6 ring of dexterity (right hand)
 U - an uncursed ring of willpower
 V - the ring of the Mage {Wiz Will++ Int+3}
   (You found it on level 11 of the Dungeon)

   [ring of wizardry]

   It improves your spell success rate.
   It affects your intelligence (+3).
   It affects your willpower, your defense against some magical effects.
Wands
 b - a wand of enslavement (13)
 y - a wand of random effects (42)
 H - a wand of iceblast (9)
 K - a wand of paralysis (24)
 L - a wand of disintegration (16)
 O - a wand of acid (22)
Scrolls
 a - a scroll of torment {unknown}
 c - 10 scrolls of teleportation
 d - 4 scrolls of magic mapping
 i - 8 scrolls of remove curse
 q - 4 scrolls of blinking
 t - a scroll of summoning {unknown}
 v - 2 scrolls of enchant weapon
 x - a scroll of brand weapon {unknown}
 z - 8 scrolls of identify
 B - 4 scrolls of enchant armour
 D - 2 scrolls of immolation
 E - a scroll of fog
 R - 5 scrolls of vulnerability
 X - a scroll of acquirement {unknown}
Potions
 f - 7 potions of curing
 g - 4 potions of degeneration
 k - 2 potions of brilliance
 m - 2 potions of resistance
 p - a potion of haste
 r - 4 potions of flight
 u - 5 potions of ambrosia
 w - 4 potions of mutation
 C - 4 potions of lignification
 F - a potion of cancellation
 W - 2 potions of magic {unknown}


   Skills:
 - Level 10.4 Fighting
 - Level 14.0 Long Blades
 + Level 8.7 Armour
 - Level 0.8 Dodging
 + Level 8.4 Shields
 - Level 9.0 Invocations


You had 12 spell levels left.
You didn't know any spells.
Your spell library contained the following spells:

 Spells                   Type           Power        Failure   Level
 Corona                   Hex            0%           73%         1
 Magic Dart               Conj           0%           73%         1
 Blink                    Tloc           N/A          86%         2
 Call Imp                 Summ           0%           86%         2
 Ensorcelled Hibernation  Hex/Ice        0%           86%         2
 Slow                     Hex            0%           86%         2
 Confusing Touch          Hex            0%           97%         3
 Conjure Flame            Conj/Fire      0%           97%         3
 Dazzling Flash           Conj/Hex       0%           97%         3
 Gell's Gravitas          Tloc           0%           97%         3
 Inner Flame              Hex/Fire       0%           97%         3
 Mephitic Cloud           Conj/Pois/Air  0%           97%         3
 Portal Projectile        Hex/Tloc       0%           97%         3
 Tukima's Dance           Hex            0%           97%         3
 Animate Dead             Necr           0%           100%        4
 Cause Fear               Hex            0%           100%        4
 Leda's Liquefaction      Hex/Erth       0%           100%        4
 Petrify                  Tmut/Erth      0%           100%        4
 Borgnjor's Vile Clutch   Necr/Erth      0%           100%        5
 Metabolic Englaciation   Hex/Ice        0%           100%        5
 Yara's Violent Unravell  Hex/Tmut       0%           100%        5
 Death Channel            Necr           0%           100%        6
 Simulacrum               Ice/Necr       0%           100%        6


Dungeon Overview and Level Annotations

Branches:
Dungeon (13/15)            Temple (0/1) D:6            Lair (5/6) D:9
  Swamp (0/4) Lair:2       Spider (0/4) Lair:4        Slime (0/5) Lair:5
    Orc (0/2) D:12         Vaults (0/5) D:13

Altars:
Fedhas
Qazlal

Portals:
Trove: D:12 (give 7 scrolls of fear)

Annotations:
Lair:3 2 transporters, Hypnoxylon's ghost, journeyman TrMo
Lair:4 corrupted
Lair:5 3 runed translucent doors, buriedalive's ghost, journeyman DEIE


Innate Abilities, Weirdness & Mutations

You have hoof-like feet.
You are mostly covered in sharp spines.
When hurt, damage is shared between your health and your magic reserves.
When seriously injured, your bleeding wounds create very thick armour. (AC +12)


Message History

The fiery explosion engulfs the centaur warrior!!
Flame seeps out of the centaur warrior.
The centaur warrior is severely wounded.
The fiery explosion engulfs the human!!
Lugonu accepts your kill.
The human explodes!
The fiery explosion engulfs the human!!
Lugonu accepts your kill.
The fiery explosion engulfs the centaur warrior!!!
Lugonu accepts your kill.
The centaur warrior explodes!
The human explodes! x2
The fiery explosion engulfs the human!!
Lugonu accepts your kill.
The human explodes!
The fiery explosion engulfs the two-headed ogre!
Flame seeps out of the two-headed ogre.
The two-headed ogre is heavily wounded.
The human explodes!
The fiery explosion engulfs you!!
You die...

##############
#.............
#.............
#....§§§§....#
#..§§○§§§§...#
#..§§°§§○§§..#
#..°§§@§○○§..#
#....○§§§§....
#...pO○○§§....
#.....§§§n...#
#....).......#
#.............
#.#####......#
#. #......


You could see a two-headed ogre (inner flame), a human (inner flame) and a
necrophage (inner flame).

Vanquished Creatures
  The ghost of Ziym the Grappler, a journeyman TrMo of Uskayaw (Lair:2)
  Harold (D:6)
  4 hydras
  Erica (D:9)
  A boulder beetle (Lair:5)
  An ogre mage (D:11)
  A centaur warrior (D:13)
  6 two-headed ogres
  4 unseen horrors
  An orc knight (D:13)
  A deep elf mage (D:13)
  A cyclops (D:12)
  Joseph (D:8)
  3 black mambas
  A cane toad (Lair:1)
  A rime drake (Lair:3)
  4 komodo dragons
  A polar bear (Lair:4)
  2 trolls
  2 hornets
  A blink frog (Lair:4)
  7 dream sheep (Lair:4)
  2 slime creatures (Lair:5)
  2 wraiths (D:12)
  15 humans (D:13)
  39 yaks
  5 wyverns
  A steam dragon (Lair:4)
  A basilisk (D:12)
  10 water moccasins
  3 ice beasts
  3 sky beasts
  4 black bears
  4 orc warriors
  2 eyes of draining
  3 phantoms
  2 necrophages
  3 ogres
  15 wolves
  5 centaurs
  10 bullfrogs
  A big kobold (D:11)
  A wyvern skeleton (D:7)
  6 scorpions
  A water moccasin skeleton (D:10)
  5 killer bees (D:12)
  5 electric eels
  6 howler monkeys
  A lava snake (Lair:3)
  A quasit (D:10)
  3 centaur zombies
  7 hounds
  4 jellies
  2 centaur skeletons
  A gnoll shaman (D:5)
  14 orc priests
  9 orc wizards
  5 iguanas
  A hell rat (Lair:5)
  7 worker ants
  A hound skeleton (D:9)
  2 worker ant zombies (D:6)
  5 gnolls
  A howler monkey skeleton (D:11)
  8 river rats (Lair:5)
  9 adders
  2 shadow imps
  2 ufetubi
  3 oozes
  An adder zombie (D:6)
  8 worms
  3 dart slugs
  4 leopard geckos
  40 orcs
  13 bats
  7 giant cockroaches
  4 hobgoblins
  8 jackals
  5 quokkas
  A ball python (D:1)
  7 frilled lizards
  5 goblins
  A jackal skeleton (D:8)
  A jackal zombie (D:7)
  11 kobolds
  2 quokka skeletons
  17 rats
426 creatures vanquished.

Vanquished Creatures (others)
  A demonic crawler (Lair:4)
  4 blink frogs (Lair:4)
  A basilisk (Lair:4)
  2 scorpions (Lair:4)
  3 worker ants (Lair:4)
  A worm (Lair:4)
  A bush (Lair:4)
  11 fungi
  11 plants
  2 starspawn tentacles (Lair:4)
37 creatures vanquished.

Grand Total: 463 creatures vanquished

Notes
Turn   | Place    | Note
-------+----------+-------------------------------------------
     0 | Abyss:1  | nothank2 the Demonspawn Abyssal Knight began the quest for
                  | the Orb.
     0 | Abyss:1  | Reached XP level 1. HP: 18/18 MP: 2/2
    14 | D:1      | Escaped the Abyss
    83 | D:1      | Reached skill level 2 in Long Blades
    91 | D:1      | Gained mutation: When hurt, damage is shared between your
                  | health and your magic reserves. [demonic ancestry]
    91 | D:1      | Reached XP level 2. HP: 18/24 MP: 3/3
   451 | D:1      | Reached ** piety under Lugonu
   751 | D:2      | Gained mutation: You are partially covered in sharp spines.
                  | [demonic ancestry]
   751 | D:2      | Reached XP level 3. HP: 27/29 MP: 4/4
   867 | D:2      | Reached skill level 3 in Long Blades
  1194 | D:2      | Found a blossoming altar of Fedhas.
  1833 | D:2      | Gained mutation: You have large cloven feet. [demonic
                  | ancestry]
  1833 | D:2      | Reached XP level 4. HP: 34/37 MP: 3/5
  2139 | D:2      | Reached skill level 4 in Long Blades
  2145 | D:3      | Reached XP level 5. HP: 40/42 MP: 4/6
  2395 | D:3      | Reached *** piety under Lugonu
  2914 | D:4      | Noticed an ogre
  2933 | D:4      | Killed an ogre
  2934 | D:4      | Reached skill level 5 in Long Blades
  2934 | D:4      | Reached XP level 6. HP: 9/49 MP: 2/7
  3699 | D:4      | Reached skill level 5 in Fighting
  3772 | D:4      | Gained mutation: When seriously injured, your bleeding
                  | wounds create armour. (AC +12) [demonic ancestry]
  3772 | D:4      | Reached XP level 7. HP: 52/56 MP: 5/8
  4051 | D:4      | Reached skill level 6 in Long Blades
  4446 | D:5      | Entered Level 5 of the Dungeon
  4974 | D:5      | Reached skill level 7 in Long Blades
  4982 | D:5      | Reached XP level 8. HP: 44/64 MP: 7/9
  5894 | D:4      | Reached **** piety under Lugonu
  6561 | D:6      | Reached skill level 8 in Long Blades
  6704 | D:6      | Found a staircase to the Ecumenical Temple.
  7154 | D:7      | Reached skill level 9 in Long Blades
  7333 | D:7      | Reached skill level 5 in Invocations
  7333 | D:7      | Gained mutation: When seriously injured, your bleeding
                  | wounds create thick armour. (AC +12) [demonic ancestry]
  7333 | D:7      | Reached XP level 9. HP: 50/71 MP: 8/12
  7758 | D:7      | Noticed Harold
  8065 | D:6      | Killed Harold
  8298 | D:7      | Reached skill level 10 in Long Blades
  9063 | D:8      | Paralysed by a hornet for 1 turns
  9071 | D:8      | Reached skill level 1 in Shields
  9326 | D:8      | Noticed Joseph
  9331 | D:8      | Got a bloodstained ring mail
  9358 | D:8      | Killed Joseph
  9674 | D:8      | Found a stormy altar of Qazlal.
  9759 | D:8      | Identified the +4 ring mail of Filigreed Mirth {Str+2} (You
                  | found it on level 8 of the Dungeon)
  9813 | D:8      | Noticed a two-headed ogre
  9827 | D:8      | Gained mutation: You are mostly covered in sharp spines.
                  | [demonic ancestry]
  9827 | D:8      | Reached XP level 10. HP: 77/77 MP: 15/15
  9839 | D:8      | Killed a two-headed ogre
 10855 | D:9      | Found a staircase to the Lair.
 10879 | D:9      | Reached skill level 11 in Long Blades
 11155 | D:9      | Reached ***** piety under Lugonu
 12001 | D:9      | Noticed Erica
 12023 | D:9      | Killed Erica
 12266 | Lair:1   | Entered Level 1 of the Lair of Beasts
 12288 | Lair:1   | Noticed a cane toad
 12297 | Lair:1   | Killed a cane toad
 12714 | Lair:1   | Gained mutation: You have hoof-like feet. [demonic
                  | ancestry]
 12714 | Lair:1   | Reached XP level 11. HP: 86/86 MP: 17/17
 13738 | Lair:2   | Found a runed translucent door.
 13741 | Lair:2   | Noticed Ziym's ghost (journeyman TrMo)
 13741 | Lair:2   | Noticed an eight-headed hydra
 13750 | Lair:2   | Killed a two-headed hydra
 14089 | Lair:2   | Killed Ziym's ghost
 14090 | Lair:2   | Reached skill level 5 in Armour
 14506 | Lair:2   | Found a staircase to the Swamp.
 15178 | Lair:3   | Found a transporter.
 15179 | Lair:3   | Noticed Hypnoxylon's ghost (journeyman TrMo)
 15179 | Lair:3   | Noticed a catoblepas
 15179 | Lair:3   | Noticed a death yak
 15181 | Lair:3   | Found a transporter.
 15199 | Lair:3   | You fall into a shaft and drop 1 floor!
 15395 | Lair:4   | Reached skill level 12 in Long Blades
 15985 | Lair:4   | Reached skill level 5 in Shields
 15987 | Lair:4   | Corrupted Lair:4
 15987 | Lair:4   | Noticed a soul eater
 15987 | Lair:4   | Noticed a great orb of eyes
 15987 | Lair:4   | Noticed a shadow wraith
 15987 | Lair:4   | Noticed a spatial maelstrom
 15987 | Lair:4   | Noticed a great orb of eyes
 15990 | Lair:4   | Noticed a starcursed mass
 15992 | Lair:4   | Found a hole to the Spider Nest.
 15992 | Lair:4   | Noticed a tentacled starspawn
 15993 | Lair:4   | Noticed a mana viper
 15993 | Lair:4   | Noticed a thrashing horror
 17841 | Lair:5   | Noticed a boulder beetle
 17875 | Lair:5   | Killed a boulder beetle
 17876 | Lair:5   | Gained mutation: When seriously injured, your bleeding
                  | wounds create very thick armour. (AC +12) [demonic
                  | ancestry]
 17876 | Lair:5   | Reached XP level 12. HP: 64/95 MP: 12/18
 18021 | Lair:5   | Noticed a six-headed hydra
 18043 | Lair:5   | Killed a one-headed hydra
 18365 | Lair:5   | Noticed a five-headed hydra
 18385 | Lair:5   | Killed a one-headed hydra
 18459 | Lair:5   | Noticed a seven-headed hydra
 18590 | Lair:5   | Reached skill level 13 in Long Blades
 18605 | Lair:5   | Killed a three-headed hydra
 18908 | Lair:5   | Found a staircase to the Slime Pits.
 19424 | Lair:5   | Found a runed translucent gate.
 19424 | Lair:5   | Found a runed translucent gate.
 19424 | Lair:5   | Found a runed translucent gate.
 19430 | Lair:5   | Noticed buriedalive's ghost (journeyman DEIE)
 19983 | D:10     | Entered Level 10 of the Dungeon
 20216 | D:10     | Reached skill level 10 in Fighting
 21477 | D:11     | Noticed a two-headed ogre
 21477 | D:11     | Noticed a two-headed ogre
 21477 | D:11     | Noticed a two-headed ogre
 21477 | D:11     | Noticed an ogre mage
 21490 | D:11     | Killed a two-headed ogre
 21497 | D:11     | Noticed a two-headed ogre
 21499 | D:11     | Killed a two-headed ogre
 21500 | D:11     | Reached XP level 13. HP: 55/103 MP: 10/19
 21709 | D:11     | Reached ****** piety under Lugonu
 22014 | D:11     | Reached skill level 14 in Long Blades
 22159 | D:11     | Found the ring of the Mage {Wiz Will++ Int+3}
 22576 | D:12     | Found a staircase to the Orcish Mines.
 22804 | D:12     | Found a portal to a secret trove of treasure.
 23522 | D:12     | Paralysed by a hornet for 3 turns
 24129 | D:13     | Found a gate to the Vaults.
 24133 | D:13     | Killed by an exploding a human... exploding inner flame

Illustrated notes

Levels and vault maps discovered:
D:1:      minmay_arrival_doors, layout_rooms, grunt_decor_clamped
D:2:      layout_loops_ring, fedhas_altar_fruit_tree, serial_bayou_crossing
D:3:      layout_rooms
D:4:      layout_basic, grunt_ministairs_13
D:5:      layout_basic
D:6:      layout_gridville, minmay_temple_entry_wispy, minivault_26
D:7:      layout_rooms, kennysheep_generic_room_14, uniq_harold
D:8:      layout_loops_ring, eino_tiny_chamber,
          nicolae_qazlal_style_of_elements, uniq_joseph
D:9:      layout_roguey, erik_lair_island, minmay_crystal_room, uniq_erica
D:10:     layout_irregular_city
D:11:     layout_basic, minmay_puff
D:12:     minmay_inner_zag, layout_cave_pods, orc_0_dummy, enter_trove_6,
          kennysheep_generic_room_10, uniq_erolcha
D:13:     layout_rooms, david_vaults_3, minmay_misc_feat_five, kennysheep_dice
Lair:1:   layout_chaotic_city
Lair:2:   layout_cellular_growth, swamp_mist_pool, ebering_ghost_inner_flame,
          grunt_megastairs_5
Lair:3:   layout_gridlike, gammafunk_ghost_arena,
          nicolae_volcano_entry_lava_flow
Lair:4:   layout_hall_layers, nicolae_spider_entry_non_spiders
Lair:5:   layout_big_grid, minmay_slime_entry_pillars,
          ebering_ghost_rock_garden, kennysheep_abandoned_house,
          serial_bayou_shore_b

Skill      XL: |  1  2  3  4  5  6  7  8  9 10 11 12 13 |
---------------+----------------------------------------+-----
Long Blades    | 2 3 4 5 7 9 10 11 12 13 14 | 14.0
Fighting       | 4 5 6 7 9 10 | 10.4
Invocations    | 5 7 8 9 |  9.0
Armour         | 2 4 6 7 8 |  8.7
Shields        | 1 3 5 7 8 |  8.4
Dodging        | |  0.8

Action                   |  1- 3 |  4- 6 |  7- 9 | 10-12 | 13-15 || total
-------------------------+-------+-------+-------+-------+-------++-------
Melee: Falchion          |   119 |   140 |   378 |   212 |       ||   849
       Kick              |       |    38 |   125 |   100 |       ||   263
       Scimitar          |       |       |       |   466 |   186 ||   652
       Unarmed           |       |       |       |    56 |       ||    56
Throw: Dart              |     2 |     9 |    11 |    79 |     4 ||   105
Invok: Bend Space        |       |       |       |     3 |       ||     3
       Banish            |       |       |       |     1 |       ||     1
       Corrupt           |       |       |       |     1 |       ||     1
Evoke: Wand              |       |       |       |    26 |       ||    26
  Use: Scroll            |     7 |       |     2 |    15 |     1 ||    25
       Potion            |       |       |       |     3 |       ||     3
 Stab: Sleeping          |       |       |       |     2 |       ||     2
Armor: Leather armour    |    48 |    39 |    47 |       |       ||   134
       Plate armour      |       |       |    90 |       |       ||    90
       Ring mail         |       |       |     3 |   216 |    46 ||   265
       Skin              |       |       |       |    12 |       ||    12
Dodge: Dodged            |    65 |    43 |    69 |   146 |    34 ||   357
       Repelled          |       |       |     1 |     3 |     1 ||     5
Block: Kite shield       |    32 |    49 |   107 |   309 |    83 ||   580
       Rpst.: Falchion   |    20 |    13 |    25 |    10 |       ||    68
       Scimitar          |       |       |       |    23 |     8 ||    31
